 Dungeon Crawl Stone Soup version coffee-0.2.0 (webtiles) character file.

Game seed: 17052202378369775519, levelgen mode: deterministic

481 Dorkslayer the Sneak (level 7, 0/48 HPs)
             Began as an Octopode Fighter on Nov 1, 2020.
             Was a Follower of Okawaru.
             Slain by Eustachio
             ... wielding a +0 falchion
              (7 damage)
             ... on level 4 of the Dungeon.
             The game lasted 00:12:56 (2667 turns).

Dorkslayer the Sneak (Octopode Fighter)             Turns: 2667, Time: 00:12:56

Health: 0/48       AC:  1    Str: 17    XL:     7   Next: 12%
Magic:  6/8        EV: 13    Int: 11    God:    Okawaru [*.....]
Gold:   178        SH:  9    Dex: 11    Spells: 6/6 levels left

rFire    . . .     SeeInvis .   a - +0 long sword
rCold    . . .     Gourm    .   b - +0 kite shield
rNeg     . . .     Faith    .   (helmet restricted)
rPois    .         Spirit   .   (no amulet)
rElec    .         Reflect  .   (no ring)
rCorr    .         Harm     .   (no ring)
MR       .....                  (no ring)
Stlth    +++++.....             (no ring)
HPRegen  0.16/turn              (no ring)
MPRegen  0.11/turn              (no ring)
                                (no ring)
                                (no ring)

@: hasted, very quick
A: almost no armour, stealthy swim, amphibious, 8 rings, constrict 8, camouflage
1, gelatinous body 1
a: Heroism, Renounce Religion


You were on level 4 of the Dungeon.
You worshipped Okawaru.
Okawaru was aware of your devotion.
You were not hungry.

You visited 2 branches of the dungeon, and saw 5 of its levels.

You collected 178 gold pieces.

Inventory:

Hand Weapons
 a - a +0 long sword (weapon)
Missiles
 j - 33 poisoned darts (quivered)
Armour
 b - a +0 kite shield (worn)
Wands
 e - a wand of paralysis (9)
 g - a wand of flame (23)
Scrolls
 f - 2 scrolls of immolation
 k - 2 scrolls of holy word
 n - 2 scrolls of teleportation
 o - 4 scrolls of remove curse
 p - a scroll of enchant weapon
 s - a scroll of magic mapping
Potions
 c - a potion of might
 h - a potion of brilliance
 i - a potion of magic
 l - a potion of mutation
 m - a potion of flight
Comestibles
 d - 7 rations
 r - 5 chunks of flesh


   Skills:
 * Level 4.0(5.8) Fighting
 + Level 4.0 Long Blades
 + Level 0.8 Throwing
 + Level 3.6(5.6) Dodging
 + Level 4.7(7.9) Stealth
 + Level 3.5(5.6) Shields
 * Level 1.9(2.3) Invocations
 * Level 1.9(2.3) Evocations


You had 6 spell levels left.
You didn't know any spells.
Your spell library contained the following spells:

 Spells                   Type           Power        Failure   Level  Hunger
 Confusing Touch          Hex            #.......     93%         3    ###....
 Gell's Gravitas          Tloc           #.........   93%         3    ###....
 Petrify                  Tmut/Erth      #.......     100%        4    #####..
 Metabolic Englaciation   Hex/Ice        #.........   100%        5    ######.
 Yara's Violent Unravell  Hex/Tmut       #.........   100%        5    ######.


Dungeon Overview and Level Annotations

Branches:
Dungeon (4/10)             Temple (1/1) D:2

Altars:
Ashenzari
Elyvilon
Gozag
Hepliaklqana
Kikubaaqudgha
Okawaru
Qazlal
Ru
Uskayaw
Vehumet
Xom
Zin

Shops:
D:2 *   D:3 (

Annotations:
D:4 Eustachio


Innate Abilities, Weirdness & Mutations

You cannot wear most types of armour.
You are very stealthy in the water. (Stealth+)
You are amphibious.
You can wear up to eight rings at the same time.
You can use your tentacles to constrict eight enemies at once.
Your skin changes colour to match your surroundings (Stealth+).
Your rubbery body absorbs attacks. (AC +1, EV +1)


Message History

Aiming: Paralyse
Press: ? - help, Shift-Dir - straight line, f/p - Eustachio
Aim: Eustachio, wielding a +0 falchion and wearing a +0 leather armour (chance to defeat MR: 52%) Eustachio resists with significant effort.
Evoke which item? (* to show all) (? for menu, Esc to quit)
Aiming: Paralyse
Press: ? - help, Shift-Dir - straight line, f/p - Eustachio
Aim: Eustachio, wielding a +0 falchion and wearing a +0 leather armour (chance to defeat MR: 52%) Eustachio resists with significant effort.
Eustachio says, "Summoning is fun!"
Eustachio closely misses you.
You hit Eustachio. Your grab misses Eustachio. Your squeeze misses Eustachio.
Eustachio is lightly wounded.
Eustachio closely misses you.
You riposte.
You slash Eustachio! You grab Eustachio.
Eustachio is moderately wounded.
You hit Eustachio.
Eustachio is heavily wounded.
You constrict Eustachio. Eustachio hits you with a +0 falchion!
You die...

################
........@@......
$........#######
....####.## .#
...
#..#######.#. .
#####.#........#
+...............
######.........#
#.........#
##........#


You could see Eustachio.

Vanquished Creatures
  Grinder (D:4)
  An ogre (D:4)
  A hound (D:4)
  7 gnolls (D:3)
  5 adders
  An ooze (D:2)
  A worm (D:3)
  2 dart slugs
  5 leopard geckos
  An orc (D:2)
  A ball python (D:1)
  10 bats
  4 giant cockroaches
  9 hobgoblins
  3 quokkas
  6 frilled lizards
  2 goblins (D:2)
  9 kobolds
  9 rats
78 creatures vanquished.

Notes
Turn   | Place    | Note
-------+----------+-------------------------------------------
     0 | D:1      | Dorkslayer the Octopode Fighter began the quest for the
                  | Orb.
     0 | D:1      | Reached XP level 1. HP: 16/16 MP: 1/1
   198 | D:1      | Reached XP level 2. HP: 19/21 MP: 2/2
   567 | D:1      | Reached skill level 1 in Stealth
   660 | D:2      | Reached XP level 3. HP: 18/26 MP: 3/3
   740 | D:2      | Found a sacrificial altar of Ru.
   889 | D:2      | Found a faded altar of an unknown god.
   999 | D:2      | Reached XP level 4. HP: 31/31 MP: 4/4
  1020 | D:2      | Found Qallilo's General Store.
  1188 | D:2      | Found a staircase to the Ecumenical Temple.
  1213 | Temple   | Entered the Ecumenical Temple
  1533 | D:3      | Found an iron altar of Okawaru.
  1773 | D:3      | Reached XP level 5. HP: 36/36 MP: 5/5
  1820 | D:3      | Became a worshipper of Warmaster Okawaru
  1906 | D:3      | Found Jucostru's Weapon Emporium.
  2033 | D:3      | Found a shimmering altar of Xom.
  2477 | D:4      | Noticed an ogre
  2486 | D:4      | Killed an ogre
  2486 | D:4      | Reached skill level 1 in Invocations
  2486 | D:4      | Reached skill level 1 in Evocations
  2486 | D:4      | Reached XP level 6. HP: 37/43 MP: 6/6
  2637 | D:4      | Noticed Grinder
  2639 | D:4      | Noticed Eustachio
  2657 | D:4      | Killed Grinder
  2657 | D:4      | Reached * piety under Okawaru
  2657 | D:4      | Reached XP level 7. HP: 6/48 MP: 6/8
  2667 | D:4      | Slain by Eustachio

Levels and vault maps discovered:
D:1:      sevenhm_arrival_forest_fort_large_2, layout_basic
D:2:      layout_loops_cross, nicolae_ru_sacrificial_ziggurat,
          minmay_temple_entry_drinking_statues, chequers_ecumenical_altar_grove,
          serial_shops, shop, hangedman_decor_push, minmay_tripent
D:3:      layout_basic, nicolae_overflow_hidden_temple, serial_shops, shop,
          grunt_ministairs_14, chequers_serial_rivers_micro_d, okawaru_trees_1
D:4:      layout_basic, minmay_ruptured, uniq_grinder, uniq_ijyb, uniq_eustachio
Temple:   compressed_dpeg_triangle_lava_temple

Skill      XL: |  1  2  3  4  5  6 |
---------------+-------------------+-----
Stealth        | 1 2 3 4 |  4.7
Long Blades    | 3 4 |  4.0
Invocations    | 1 |  1.9
Evocations     | 1 |  1.9
Fighting       | 4 |  4.0
Throwing       | |  0.8
Dodging        | |  3.6
Shields        | |  3.5

Action                   |  1- 3 |  4- 6 |  7- 9 || total
-------------------------+-------+-------+-------++-------
Melee: Long sword        |    45 |    82 |     2 ||   129
       Constrict         |    16 |    25 |     1 ||    42
       Tentacles         |     9 |    15 |       ||    24
       Punch             |       |     1 |       ||     1
Throw: Dart              |     4 |    12 |       ||    16
Evoke: Wand              |       |     1 |     3 ||     4
  Use: Potion            |       |     2 |       ||     2
 Stab: Sleeping          |    14 |    15 |       ||    29
  Eat: Chunk             |       |     2 |       ||     2
       Ration            |       |     1 |       ||     1
Armor: Skin              |     2 |     2 |       ||     4
Dodge: Dodged            |    25 |    41 |     2 ||    68
Block: Kite shield       |    13 |    34 |       ||    47
       Rpst.: Long sword |    11 |    11 |     1 ||    23
